 Dungeon Crawl Stone Soup version 0.32-a0-314-g526f7d4993 (webtiles) character file.

Game seed: 16681520875677039623

11 zenocrate the Sneak (level 2, -11/21 HPs)
             Began as an Octopode Delver on Feb 15, 2024.
             Killed by divine providence
             ... invoked by an orc priest
              (13 damage)
             ... on level 4 of the Dungeon.
             The game lasted 00:00:28 (110 turns).

zenocrate the Sneak (Octopode Delver)                Turns: 110, Time: 00:00:29

Health: -11/21     AC:  1    Str: 11    XL:     2   Next: 25%
Magic:  2/2        EV: 13    Int: 12    God:
Gold:   0          SH:  0    Dex: 13    Spells: 1/1 levels left

rFire   . .          .
                       - Unarmed
rCold   . . .        (no shield)
rNeg    . . .        (helmet restricted)
rPois   .            (no amulet)
rElec   .            (no ring)
rCorr   .            (no ring)
SInv    .            (no ring)
Will    .....        (no ring)
Stlth   ++++         (no ring)
HPRegen 0.23/turn    (no ring)
MPRegen 0.08/turn    (no ring)
                     (no ring)

%: no passive effects
@: hasted, very quick
A: almost no armour, amphibious, 8 rings, camouflage 1, gelatinous body 1,
(nimble swimmer 1), tentacles
a: Convert to Beogh


You were on level 4 of the Dungeon.
You visited 1 branch of the dungeon, and saw 2 of its levels.

Inventory:

Wands
 e - a wand of digging (3)


   Skills:
 + Level 3.1 Fighting
 + Level 2.2 Dodging
 + Level 6.8 Stealth
 + Level 2.2 Unarmed Combat


You had one spell level left.
You didn't know any spells.
Your spell library was empty.

Dungeon Overview and Level Annotations

Branches:
Dungeon (5/15)
 Temple: D:4-7

Altars:


Innate Abilities, Weirdness & Mutations

You cannot wear most types of armour.
You are amphibious.
You can wear up to eight rings at the same time.
Your skin changes colour to match your surroundings (Stealth+).
Your rubbery body absorbs attacks. (AC +1, EV +1)
((You are camouflaged when in or above water. (Stealth+)))
You have tentacles for arms and can constrict up to eight enemies at once.


Message History

You climb upwards.
The orc priest shouts!
The orc shouts!
The orc priest shouts!
The gnoll shouts!
There is a stone staircase leading down here.
There are monsters nearby!
A gnoll comes into view. It is wielding a +0 spear.
The gnoll shouts!
Unknown command.
A goblin comes into view. It is wielding a +0 club.
Found 8 stones.
The helpless goblin fails to defend itself.
You tentacle-slap the goblin.
You kill the goblin!
The orc priest misses you.
Unknown command.
The orc priest attacks as it pursues you!
The orc priest closely misses you.
The orc priest invokes the aid of Beogh against you.
Beogh smites you!
Ouch! That really hurt!
The orc priest threatens, "Beogh's wrath is as vast as their mercy.
Make your choice!" (press Y on the ability menu to convert to Beogh)
A ball python comes into view.
Things that are here:
a +0 club; a goblin corpse
As you read the scroll of revelation, it crumbles to dust.
You feel aware of your surroundings.
A kobold comes into view.
It is wielding a +0 club and quivering poisoned darts.
The orc priest misses you.
The kobold moves out of view.
As you read the scroll of fog, it dissolves into smoke.
The orc priest hits you with a +0 whip.
* * * LOW HITPOINT WARNING * * *
Unknown command.
You feel yourself speed up. The orc priest barely misses you.
Unknown command.
The gnoll hits you with a +1 heavy flail.
* * * LOW HITPOINT WARNING * * *
The orc priest calls down the wrath of Beogh upon you.
Beogh smites you!
Ouch! That really hurt!
You die...

*,*########..........##
*,###########...#.....##
*,...##########........#
**#....########...g....#
#..S.########....g...##
#....########....o....#*
#......#######.........*
#.....§§§oo###>........,
****##.##§@##§..gg.......#*
*,,,##.#.§§ggog...........*
*,,,.....####.............,
*,,,##.#.###########..####,
*,,,##.#......#####*..#***,
*,,,##..#####...###*....,,,
*,,,###..######..##*.####,*
*,,,* **,** **,,,*,****,*
*,,,* *,,* ***,,,**,,,,


You could see 2 orc priests, 3 gnolls and a ball python (asleep).

Vanquished Creatures
  An adder (D:5)
  A goblin (D:4)
2 creatures vanquished.

Notes
Turn   | Place    | Note
-------+----------+-------------------------------------------
     0 | D:5      | zenocrate the Octopode Delver began the quest for the Orb.
     0 | D:5      | Reached XP level 1. HP: 16/16 MP: 1/1
    19 | D:5      | Noticed an orc wizard
    66 | D:5      | Reached XP level 2. HP: 21/21 MP: 2/2
    83 | D:5      | Noticed a scorpion
   110 | D:4      | Killed from afar by an orc priest

Illustrated notes

Levels and vault maps discovered:
D:4:      layout_rooms
D:5:      layout_basic, serial_curves, eino_curves_03, eino_curves_04

Action                     || total
---------------------------++-------
  Melee: Unarmed           ||     4
         Constrict         ||     2
         Tentacles         ||     1
    Use: Scroll            ||     3
         Potion            ||     1
   Stab: Sleeping          ||     2
 Armour: Skin              ||     2
  Dodge: Dodged            ||     7

Table legend: (Time is in decaauts)
 A = Elapsed time spent in this place.
 B = Non-inter-level travel time spent in this place.
 C = Inter-level travel time spent in this place.
 D = Time resting spent in this place.
 E = Time spent auto-exploring this place.
 F = Levels seen in this place.
 G = Mean time per level.
                   A        B        C        D        E       F      G
               +--------+--------+--------+--------+--------+-----+--------+
         Total |    109 |    109 |      0 |      0 |     53 |   2 |   54.5 |
       Dungeon |    109 |    109 |      0 |      0 |     53 |   2 |   54.5 |
               +--------+--------+--------+--------+--------+-----+--------+

Top non-repeatable levels by time:
     D:5: 94 daAuts
     D:4: 14 daAuts
